 Dungeon Crawl Stone Soup version 0.30.1 (webtiles) character file.

Game seed: 7670175171583333183

1921 Graphine the Nimble (level 9, -7/73 HPs)
             Began as a Merfolk Chaos Knight on July 7, 2023.
             Was a Plaything of Xom.
             Mangled by a gnoll sergeant
             ... wielding a +4 spear
              (9 damage)
             ... on level 7 of the Dungeon.
             The game lasted 00:14:04 (6110 turns).

Graphine the Nimble (Merfolk Chaos Knight)          Turns: 6110, Time: 00:14:04

Health: -7/73      AC:  5    Str:  8    XL:     9   Next: 17%
Magic:  6/11       EV: 16    Int: 11    God:    Xom [..*...]
Gold:   322        SH:  0    Dex: 18    Spells: 8/11 levels left

rFire   . . .        a - +1 falchion (chaos)
rCold   . . .        (no shield)
rNeg    . . .        b - +3 leather armour
rPois   +            (helmet currently unavailable)
rElec   .            (no cloak)
rCorr   .            h - +0 pair of gloves
SInv    .            (boots currently unavailable)
Will    +....        (no amulet)
Stlth   +            g - ring of poison resistance
HPRegen 0.32/turn    t - ring of willpower
MPRegen 0.12/turn

%: clarity
@: appendages (expiring), wereblooded
A: horns 2, (nimble swimmer 2), mertail, clarity, deformed body, sense
surroundings 1, weak 2
a: End Transformation, Renounce Religion


You were on level 7 of the Dungeon.
You worshipped Xom.
You were a toy of Xom.
You had temporarily grown beastly horns.
You visited 1 branch of the dungeon, and saw 6 of its levels.

You collected 322 gold pieces.

Inventory:

Hand Weapons
 a - a +1 falchion of chaos (weapon)
 m - a +0 long sword
 C - a +1 dagger of chaos
Missiles
 q - 6 boomerangs
 y - a throwing net
Armour
 b - a +3 leather armour (worn)
 h - a +0 pair of gloves (worn)
Magical Staves
 p - a staff of poison
Jewellery
 g - a ring of poison resistance (left hand)
 k - a ring of protection from fire
 n - a ring of protection from cold
 r - a ring of ice
 t - a ring of willpower (right hand)
 A - a ring of fire
Wands
 E - a wand of flame (15)
Scrolls
 d - 3 scrolls of noise
 o - 3 scrolls of teleportation
 v - a scroll of vulnerability
 w - a scroll of fog
 B - a scroll of identify
Potions
 e - a potion of invisibility
 f - 2 potions of curing
 i - a potion of resistance
 j - 3 potions of mutation
 l - 4 potions of heal wounds
 s - a potion of flight {unknown}
 u - a potion of ambrosia {unknown}
 x - 2 potions of haste {unknown}
 z - 2 potions of attraction {unknown}
Miscellaneous
 c - a piece from Xom's chessboard (1/15) (quivered)


   Skills:
 * Level 7.6 Fighting
 * Level 8.4 Long Blades
 - Level 2.0 Armour
 * Level 8.7 Dodging
 + Level 1.6 Spellcasting
 - Level 2.0 Transmutations


You had 8 spell levels left.
You knew the following spells:

 Your Spells              Type           Power      Damage    Failure   Level
a - Beastly Appendage     Tmut           10%        N/A       19%         1
b - Wereblood             Tmut           5%         N/A       28%         2

Your spell library contained the following spells:

 Spells                   Type           Power      Damage    Failure   Level
 Apportation              Tloc           0%         N/A       41%         1
 Blink                    Tloc           0%         N/A       54%         2
 Lesser Beckoning         Tloc           0%         N/A       54%         2
 Momentum Strike          Conj/Tloc      0%         3d8       54%         2
 Spider Form              Tmut/Pois      3%         N/A       65%         3
 Alistair's Intoxication  Tmut/Pois      2%         N/A       100%        5


Dungeon Overview and Level Annotations

Branches:
Dungeon (7/15)             Temple (0/1) D:6

Altars:
Ashenzari
Makhleb
Xom
Zin
The Shining One

Shops:
D:5 :


Innate Abilities, Weirdness & Mutations

You have temporarily grown beastly horns.
((You are very nimble when in or above water. (Stealth+, EV+, Speed+++)))
Your lower body shifts to a powerful aquatic tail in water.
You possess an exceptional clarity of mind.
Armour fits poorly on your strangely shaped body.
You passively map a small area around you.
You are very weak. (Str -4)


Message History

You slash the gnoll!
You feel a bit better.
You kill the gnoll!
The gnoll sergeant misses you. The gnoll misses you.
You slash the gnoll sergeant! You freeze the gnoll sergeant.
You headbutt the gnoll sergeant.
The gnoll sergeant is severely wounded.
The gnoll sergeant hits you with a +4 spear.
The gnoll closely misses you.
The gnoll zaps a wand.
The puff of flame misses you.
Your magical contamination has completely faded away.
You hit the gnoll sergeant.
You feel better.
The gnoll sergeant is almost dead.
Your transformation is almost over.
You barely miss the gnoll sergeant.
The gnoll sergeant is almost dead.
The gnoll sergeant misses you. The gnoll hits you with a +0 flail.
The gnoll barely misses you.
You hit the gnoll sergeant but do no damage.
The gnoll sergeant seems to grow stronger.
Xom is highly amused!
You headbutt the gnoll sergeant, but do no damage.
The gnoll sergeant is almost dead.
The gnoll sergeant hits you with a +4 spear!!
* * * LOW HITPOINT WARNING * * *
The gnoll hits you with a +0 flail!
* * * LOW HITPOINT WARNING * * *
The gnoll closely misses you.
It was a potion of heal wounds.
You feel much better.
Xom thinks this is hilarious!
The gnoll sergeant hits you with a +4 spear!!
* * * LOW HITPOINT WARNING * * *
The gnoll hits you with a +0 flail!
* * * LOW HITPOINT WARNING * * *
The gnoll zaps a wand.
The puff of flame hits you!
* * * LOW HITPOINT WARNING * * *
Xom roars with laughter!
As you read the scroll labelled BEB FIAHIFRO, it crumbles to dust.
You feel aware of your surroundings.
It was a scroll of magic mapping.
The gnoll sergeant hits you with a +4 spear!
You die...

≈##≈≈≈##......)....#
≈≈##≈≈##...........##
≈≈≈#≈###............#
≈≈≈≈≈##.............#
######..............# ...#
*..............## ...#
*...............# ...#
*...............# ...#
*.........g@....#* ...#
*.........gg...$.# ..##
*................# ..#
*.^............#.#**********
..#
*..............#,#*,,,,,,,,*
..#
*,............##,,*,,,,,>,,,
..#
*,,..........##**,,,,,,,,,,,
..# **,,.........#
**,,,,,,,,,,, ..#
*,,,,,,,,,,****,,,,,,,,,,,,


You could see a gnoll sergeant (strong) and 2 gnolls.

Vanquished Creatures
  A steam dragon (D:6)
  2 water moccasins (D:7)
  An orc warrior (D:6)
  3 ogres
  2 phantoms
  A kobold brigand (D:7)
  3 bullfrogs
  2 scorpions
  A crimson imp (D:6)
  3 hounds
  A jelly (D:5)
  A gnoll bouda (D:7)
  An orc priest (D:6)
  A sleepcap (D:5)
  2 iguanas
  An orc wizard (D:6)
  6 adders
  10 gnolls
  3 white imps
  An ufetubus (D:7)
  12 orcs
  5 endoplasms
  A giant cockroach (D:3)
  8 hobgoblins
  7 jackals (D:1)
  A quokka (D:3)
  3 ball pythons (D:1)
  2 bats
  5 kobolds (D:7)
  3 rats
93 creatures vanquished.

Vanquished Creatures (collateral kills)
  An orc warrior (D:7)
  A bullfrog (D:7)
  An orc wizard (D:7)
3 creatures vanquished.

Vanquished Creatures (others)
  An orc zombie (D:7)
1 creature vanquished.

Grand Total: 97 creatures vanquished

Notes
Turn   | Place    | Note
-------+----------+-------------------------------------------
     0 | D:1      | Graphine the Merfolk Chaos Knight began the quest for the
                  | Orb.
     0 | D:1      | Reached XP level 1. HP: 18/18 MP: 1/1
   163 | D:1      | XOM: silly message
   212 | D:1      | Reached XP level 2. HP: 24/24 MP: 2/2
   228 | D:1      | Reached skill level 1 in Armour
   432 | D:1      | XOM: silly message
   436 | D:1      | XOM: divination: magic mapping
   448 | D:1      | XOM: noise
   819 | D:2      | XOM: cloud trail
  1044 | D:2      | Reached XP level 3. HP: 27/29 MP: 3/3
  1172 | D:2      | XOM: 2-stop teleportation journey
  1579 | D:3      | Noticed a scorpion
  1583 | D:3      | Killed a scorpion
  1584 | D:3      | Reached XP level 4. HP: 37/37 MP: 4/4
  1862 | D:3      | Reached XP level 5. HP: 38/42 MP: 5/5
  2041 | D:3      | Found a glowing golden altar of the Shining One.
  2158 | D:3      | You fall into a shaft and drop 2 floors!
  2158 | D:5      | Entered Level 5 of the Dungeon
  2218 | D:5      | Noticed a phantom
  2219 | D:5      | Found Ofoajec's Tiny Tomes.
  2242 | D:5      | Killed a phantom
  2364 | D:5      | Reached skill level 5 in Long Blades
  2364 | D:5      | Reached XP level 6. HP: 46/49 MP: 6/6
  2439 | D:5      | HP: 2/49 [white imp/puff of frost (9)]
  2484 | D:5      | Reached skill level 5 in Dodging
  2515 | D:5      | XOM: butterfly on damage
  2521 | D:5      | Reached skill level 5 in Fighting
  2527 | D:5      | Found a glowing silver altar of Zin.
  2715 | D:5      | XOM: give mutations
  2715 | D:5      | Gained mutation: Armour fits poorly on your strangely
                  | shaped body. [Xom's mischief]
  2715 | D:5      | Gained mutation: You are clumsy. (Dex -2) [Xom's mischief]
  2715 | D:5      | Gained mutation: You are weak. (Str -2) [Xom's mischief]
  2735 | D:5      | Found a broken altar of Ashenzari.
  3010 | D:5      | XOM: noise
  3166 | D:5      | XOM: give mutations
  3166 | D:5      | Lost mutation: You are clumsy. (Dex -2) [Xom's mischief]
  3166 | D:5      | Gained mutation: You are very weak. (Str -4) [Xom's
                  | mischief]
  3205 | D:5      | Reached XP level 7. HP: 44/56 MP: 7/7
  3574 | D:5      | XOM: enchant monster (bad)
  3589 | D:5      | HP: 1/56 [gnoll/+0 club (4)]
  3787 | D:6      | Noticed a steam dragon
  4103 | D:6      | XOM: summons friendly shadow imp
  4122 | D:6      | XOM: butterfly on damage
  4124 | D:6      | XOM: noise
  4566 | D:6      | XOM: potion effect (brilliance)
  4573 | D:6      | Killed a steam dragon
  4574 | D:6      | Reached XP level 8. HP: 36/65 MP: 8/8
  4739 | D:6      | Found a staircase to the Ecumenical Temple.
  4808 | D:6      | XOM: silly message
  4860 | D:6      | XOM: divination: detect items
  5135 | D:6      | Found a shimmering altar of Xom.
  5189 | D:6      | Found a burning altar of Makhleb.
  5199 | D:6      | XOM: scenery: 2 fountains blood, 1 doors close
  5203 | D:6      | XOM: give mutations
  5203 | D:6      | Gained mutation: You passively map a small area around you.
                  | [Xom's grace]
  5203 | D:6      | Gained mutation: You possess an exceptional clarity of
                  | mind. [Xom's grace]
  5404 | D:7      | XOM: fog
  5436 | D:7      | XOM: smoke on damage
  5437 | D:7      | Reached skill level 1 in Transmutations
  5577 | D:7      | XOM: smoke on damage
  5614 | D:7      | XOM: confuse monster(s)
  5615 | D:7      | XOM: cast spell 'Summon Mana Viper'
  5621 | D:7      | Reached skill level 1 in Spellcasting
  5664 | D:7      | XOM: butterfly on damage
  5667 | D:7      | Reached XP level 9. HP: 38/72 MP: 10/10
  5672 | D:7      | Learned a level 1 spell: Beastly Appendage
  5675 | D:7      | Learned a level 2 spell: Wereblood
  5959 | D:7      | XOM: 2-stop teleportation journey
  6002 | D:7      | XOM: summons 2 friendly demons
  6013 | D:7      | XOM: potion effect (attraction)
  6109 | D:7      | HP: 1/73 [gnoll/puff of flame[a gnoll sergeant] (8)]
  6110 | D:7      | Mangled by a gnoll sergeant

Illustrated notes

Levels and vault maps discovered:
D:1:      lemuel_arrival_broad_hall, layout_rooms, grunt_decor_junction,
          skrybe_limestone_x, kennysheep_boxes
D:2:      layout_basic, chequers_serial_rivers_micro_e
D:3:      layout_loops_ring, mainiacjoe_overflow_24_doors
D:5:      layout_basic, zin_treasury, nicolae_overflow_hidden_temple,
          chequers_garden, nicolae_shop_i_like_small_books_too, grunt_decor_cap
D:6:      layout_basic, grunt_temple_overflow_champion_of_chaos,
          minmay_temple_entry_junction
D:7:      layout_cave_pods, grunt_ogre_cave, chequers_serial_rivers_large_a

Skill      XL: |  1  2  3  4  5  6  7  8 |
---------------+-------------------------+-----
Dodging        | 3 4 5 7 8 |  8.7
Armour         | 1 2 |  2.0
Long Blades    | 4 5 7 8 |  8.4
Fighting       | 4 5 6 7 |  7.6
Transmutations | 2 |  2.0
Spellcasting   | 1 |  1.6

Action                     |  1- 3 |  4- 6 |  7- 9 || total
---------------------------+-------+-------+-------++-------
  Melee: Falchion          |    58 |    97 |   169 ||   324
         Punch             |       |       |     2 ||     2
         Headbutt          |       |       |    11 ||    11
  Throw: Boomerang         |       |       |    14 ||    14
   Cast: Beastly Appendage |       |       |     4 ||     4
         Wereblood         |       |       |     2 ||     2
  Evoke: Piece from Xom's  |    15 |     6 |    19 ||    40
    Use: Scroll            |     7 |     1 |     8 ||    16
         Potion            |       |     3 |     5 ||     8
   Stab: Sleeping          |     1 |     2 |     1 ||     4
         Paralysed         |     2 |     2 |       ||     4
         Petrified         |     2 |     1 |     2 ||     5
         Invisible         |       |     1 |     2 ||     3
         Petrifying        |       |     1 |       ||     1
         Confused          |       |       |     2 ||     2
 Armour: Leather armour    |    19 |    14 |    18 ||    51
  Dodge: Dodged            |    47 |    56 |   116 ||   219
